 Dungeon Crawl Stone Soup version 0.28-a0-1520-gc3277d3759 (webtiles) character file.

Game seed: 2320786693964336676

259 sanka the Gusty (level 6, -7/47 HPs)
             Began as a Gnoll Wanderer on Jan 17, 2022.
             Mangled by a scorpion (9 damage)
             ... on level 5 of the Dungeon.
             The game lasted 00:06:01 (4189 turns).

sanka the Gusty (Gnoll Wanderer)                    Turns: 4189, Time: 00:06:02

Health: -7/47      AC:  3    Str:  9    XL:     6   Next: 17%
Magic:  2/11       EV: 12    Int: 13    God:
Gold:   169        SH:  0    Dex: 14    Spells: 8/11 levels left

rFire   . . .      SeeInvis .   r - +2 short sword (drain)
rCold   . . .      Faith    .   (no shield)
rNeg    . . .      Spirit   .   c - +0 robe
rPois   .          Reflect  .   (no helmet)
rElec   .          Harm     .   (no cloak)
rCorr   +          Rampage  .   b - +0 pair of gloves
Will    .....                   (no boots)
Stlth   +++.......              f - amulet of regeneration
HPRegen 0.95/turn               (no ring)
MPRegen 0.12/turn               p - ring of resist corrosion

@: flying, hasted, very quick
A: fangs 1, strong nose, distributed training
a: no special abilities


You were on level 5 of the Dungeon.
You visited 1 branch of the dungeon, and saw 5 of its levels.

You collected 169 gold pieces.


Innate Abilities, Weirdness & Mutations

You have very sharp teeth.
Your uncanny sense of smell can sniff out nearby items.
Your experience applies equally to all skills.


   Skills:
 + Level 3.1 Fighting
 + Level 1.8 Short Blades
 + Level 1.8 Long Blades
 + Level 1.8 Axes
 + Level 1.8 Maces & Flails
 + Level 1.8 Polearms
 + Level 1.8 Staves
 + Level 1.8 Slings
 + Level 1.8 Bows
 + Level 1.8 Crossbows
 + Level 1.8 Throwing
 + Level 4.9 Armour
 + Level 1.8 Dodging
 + Level 4.5 Stealth
 + Level 1.8 Shields
 + Level 1.8 Unarmed Combat
 + Level 3.3 Spellcasting
 + Level 1.4 Conjurations
 + Level 1.4 Hexes
 + Level 1.4 Summonings
 + Level 1.4 Necromancy
 + Level 1.4 Translocations
 + Level 1.4 Transmutations
 + Level 1.4 Fire Magic
 + Level 1.4 Ice Magic
 + Level 7.2 Air Magic
 + Level 1.4 Earth Magic
 + Level 1.4 Poison Magic
 + Level 2.0 Invocations
 + Level 1.8 Evocations


You had 8 spell levels left.
You knew the following spells:

 Your Spells              Type           Power      Damage    Failure   Level
z - Shock                 Conj/Air       52%        1d6       3%          1
Z - Static Discharge      Conj/Air       13%        N/A       5%          2

Your spell library contained the following spells:

 Spells                   Type           Power      Damage    Failure   Level
 Corpse Rot               Necr/Air       26%        N/A       5%          2
 Pain                     Necr           20%        1d5       12%         1
 Agony                    Necr           5%         N/A       98%         5
 Excruciating Wounds      Necr           2%         N/A       98%         5

Inventory:

Hand Weapons
 a - a +0 dagger
 g - a +0 spear
 r - a +2 short sword of draining (weapon)
Missiles
 s - 5 poisoned darts
Armour
 b - a +0 pair of gloves (worn)
 c - a +0 robe (worn)
Magical Staves
 x - a staff of cold
Jewellery
 f - an amulet of regeneration (around neck)
 k - an amulet of magic regeneration
 p - a ring of resist corrosion (right hand)
Scrolls
 d - a scroll of vulnerability {!r}
 e - a scroll of teleportation {unknown}
 h - 2 scrolls of identify {unknown}
 i - a scroll of magic mapping {unknown}
 l - 2 scrolls of acquirement {unknown}
 v - a scroll of fear {unknown}
 w - a scroll of amnesia {unknown}
Potions
 j - 2 potions of berserk rage {unknown}
 m - a potion of heal wounds {unknown}
 n - 2 potions of lignification {unknown}
 o - a potion of haste {@q3}
 q - 2 potions of flight
 t - a potion of resistance {unknown}
 u - a potion of brilliance {unknown}

Dungeon Overview and Level Annotations

Branches:
Dungeon (5/15)
 Temple: D:4-7

Altars:
Okawaru

▒ .▒▒ ...▒▒▒▒▒▒▒▒..
...▒...▒...▒▒
?........#..▒▒
.........W...▒ .
........g.S..▒ ..
.......Zhs...▒
▒..▒>▒.........▒▒
▒....▒▒...)g)...▒
▒....▒▒▒▒c▒▒.▒.....
▒........(.........
▒▒....▒▒▒)▒▒▒......
.....▒. ▒........▒
▒▒▒. ▒▒..>.....▒..▒


You could see a phantom, a centaur, a scorpion, a hound, a gnoll, an adder and a
hound zombie.


Message History

Unknown command.
The phantom is struck by an arc of lightning!
The phantom is heavily damaged.
You are struck by an arc of lightning.
* * * LOW HITPOINT WARNING * * *
The lightning grounds out.
The phantom misses you.
Unknown command.
You don't have enough magic to cast this spell.
Unknown command.
It was a potion of flight.
You feel very buoyant.
You fly up into the air.
The phantom hits you.
* * * LOW HITPOINT WARNING * * *
The phantom blinks!
You blink.
An adder comes into view.
Found an escape hatch in the floor.
The hound bites you.
* * * LOW HITPOINT WARNING * * *
Unknown command.
Unknown command.
Unknown command.
It was a potion of haste.
You feel yourself speed up. The hound bites you.
* * * LOW HITPOINT WARNING * * *
The scorpion stings you!
You die...

Action                   |  1- 3 |  4- 6 || total
-------------------------+-------+-------++-------
Melee: Dagger            |    25 |       ||    25
       Punch             |     3 |     1 ||     4
       Spear             |    39 |       ||    39
       Bite              |     9 |     3 ||    12
       Short sword       |       |    14 ||    14
 Cast: Shock             |    44 |    81 ||   125
       Static Discharge  |       |    16 ||    16
  Use: Potion            |       |     2 ||     2
 Stab: Distracted        |     1 |       ||     1
Armor: Robe              |    12 |    11 ||    23
Dodge: Dodged            |    49 |    53 ||   102

Levels and vault maps discovered:
D:1:      nzn_arrival_crosshair, layout_basic, ebering_ecumenical_altar_webs,
          wander_ebering_terrifying_dragon_lair
D:2:      layout_loops_corners
D:3:      layout_basic, minivault_26
D:4:      layout_basic, okawaru_trees_1
D:5:      layout_rooms, nicolae_ossuary_entry_false_entrances,
          grunt_ministairs_1, hangedman_decor_peaks_small, minivault_5,
          hangedman_decor_growths, corexii_leaking_fountain,
          minmay_manual_macuahuitl

Notes
Turn   | Place    | Note
-------+----------+-------------------------------------------
     0 | D:1      | sanka the Gnoll Wanderer began the quest for the Orb.
     0 | D:1      | sanka set off with the following items: a +0 dagger, a +0
                  | pair of gloves, a +0 robe, a scroll of vulnerability {!r};
                  | and the following spell memorised: Shock; and the following
                  | spells available to memorise: Corpse Rot, Static Discharge
     0 | D:1      | Reached XP level 1. HP: 17/17 MP: 4/4
    84 | D:1      | Reached XP level 2. HP: 23/23 MP: 1/5
   130 | D:1      | Learned a level 2 spell: Static Discharge
   303 | D:1      | Reached XP level 3. HP: 28/28 MP: 7/7
   754 | D:1      | Reached skill level 1 in Invocations
  1036 | D:1      | Found a faded altar of an unknown god.
  1277 | D:2      | Reached skill level 1 in Short Blades
  1277 | D:2      | Reached skill level 1 in Long Blades
  1277 | D:2      | Reached skill level 1 in Axes
  1277 | D:2      | Reached skill level 1 in Maces & Flails
  1277 | D:2      | Reached skill level 1 in Polearms
  1277 | D:2      | Reached skill level 1 in Staves
  1277 | D:2      | Reached skill level 1 in Slings
  1277 | D:2      | Reached skill level 1 in Bows
  1277 | D:2      | Reached skill level 1 in Crossbows
  1277 | D:2      | Reached skill level 1 in Throwing
  1277 | D:2      | Reached skill level 1 in Dodging
  1277 | D:2      | Reached skill level 1 in Shields
  1277 | D:2      | Reached skill level 1 in Unarmed Combat
  1277 | D:2      | Reached skill level 1 in Evocations
  1305 | D:2      | Reached XP level 4. HP: 34/34 MP: 5/8
  1560 | D:2      | Reached skill level 3 in Spellcasting
  2119 | D:2      | Reached skill level 1 in Conjurations
  2119 | D:2      | Reached skill level 1 in Hexes
  2119 | D:2      | Reached skill level 1 in Summonings
  2119 | D:2      | Reached skill level 1 in Necromancy
  2119 | D:2      | Reached skill level 1 in Translocations
  2119 | D:2      | Reached skill level 1 in Transmutations
  2119 | D:2      | Reached skill level 1 in Fire Magic
  2119 | D:2      | Reached skill level 1 in Ice Magic
  2119 | D:2      | Reached skill level 1 in Earth Magic
  2119 | D:2      | Reached skill level 1 in Poison Magic
  3139 | D:4      | Found an iron altar of Okawaru.
  3155 | D:4      | Reached XP level 5. HP: 40/40 MP: 5/9
  3719 | D:5      | Entered Level 5 of the Dungeon
  3719 | D:5      | Noticed an ogre
  3727 | D:4      | Reached skill level 3 in Fighting
  3950 | D:5      | Noticed a centaur
  3964 | D:4      | Reached XP level 6. HP: 34/47 MP: 0/10
  4053 | D:5      | Reached skill level 2 in Invocations
  4188 | D:5      | HP: 2/47 [hound (4)]
  4189 | D:5      | Mangled by a scorpion

Vanquished Creatures
  A howler monkey (D:4)
  A bullfrog zombie (D:5)
  7 gnolls
  4 adders
  A worm (D:2)
  2 dart slugs (D:1)
  8 orcs
  5 endoplasms (D:1)
  7 giant cockroaches
  7 goblins
  3 hobgoblins
  6 jackals (D:4)
  5 kobolds
  4 quokkas
  4 ball pythons
  5 bats
  4 frilled lizards
  4 rats
78 creatures vanquished.
